 Dungeon Crawl Stone Soup version 0.31-a0-1388-g4b2ba238e7 (webtiles) character file.

Game seed: 3149294750838921443

107 Curundu the Slasher (level 4, -1/41 HPs)
             Began as a Minotaur Berserker on Dec 25, 2023.
             Was a Believer of Trog.
             Succumbed to an orc's poison
             ... on level 3 of the Dungeon.
             The game lasted 00:09:16 (1622 turns).

Curundu the Slasher (Minotaur Berserker)            Turns: 1622, Time: 00:09:16

Health: -1/41      AC:  6    Str: 24    XL:     4   Next: 57%
Magic:  3/3        EV: 10    Int:  4    God:    Trog [**....]
Gold:   97         SH:  0    Dex:  9    Spells: 3/3 levels left

rFire   . . .        a - +0 falchion
rCold   . . .        (no shield)
rNeg    . . .        j - +0 scale mail
rPois   .            (helmet restricted)
rElec   .            (no cloak)
rCorr   .            (no gloves)
SInv    .            (no boots)
Will    .....        (no amulet) Stlth
                     h - +4 ring of slaying
HPRegen 0.26/turn    (no ring)
MPRegen 0.08/turn

%: no passive effects
@: lethally poisoned (-1 -> -15)
A: horns 2, retaliatory headbutt
a: Renounce Religion, Berserk, Trog's Hand


You were on level 3 of the Dungeon.
You worshipped Trog.
Trog was pleased with you.
You visited 1 branch of the dungeon, and saw 3 of its levels.

You collected 97 gold pieces.

Inventory:

Hand Weapons
 a - a +0 falchion (weapon)
Armour
 j - a +0 scale mail (worn)
Jewellery
 h - a +4 ring of slaying (left hand)
 n - an amulet of magic regeneration
Wands
 o - a wand of roots (7)
Scrolls
 c - a scroll of identify {unknown}
 d - 2 scrolls of enchant armour {unknown}
 e - 2 scrolls of blinking {unknown}
 g - a scroll of noise {unknown}
 i - a scroll of immolation {unknown}
 m - a scroll of teleportation {unknown}
Potions
 b - a potion of magic {unknown}
 f - 2 potions of curing {unknown}
 k - a potion of enlightenment {unknown}
 l - 2 potions of might {unknown}


   Skills:
 + Level 4.4 Fighting
 + Level 5.0 Long Blades
 + Level 3.4 Armour
 + Level 2.8 Dodging


You had 3 spell levels left.
You didn't know any spells.
Your spell library was empty.

Dungeon Overview and Level Annotations

Branches:
Dungeon (3/15)

Altars:


Innate Abilities, Weirdness & Mutations

You have a pair of horns on your head.
You reflexively headbutt those who attack you in melee.


Message History

You hit the orc priest.
You kill the orc priest!
Trog accepts your kill.
Your Long Blades skill increases to level 5!
Things that are here:
a +0 mace; a +0 club; an orc corpse The orc wizard shouts!
An orc comes into view. It is wielding a +2 war axe of venom.
The orc shouts!
The orc suddenly curses.
An orc comes into view. It is wielding a +0 flail.
The orc shouts!
The orc wizard gestures at you while chanting.
You are confused.
You bump into the stone wall.
You're too confused to move!
The orc wizard closely misses you.
You closely miss the orc wizard.
The orc wizard points at you and mumbles some strange words.
The puff of flame hits you. The orc wizard barely misses you.
You're too confused to move!
You feel less confused. The orc wizard completely misses you.
You furiously retaliate!
You headbutt the orc wizard!
Things that are here:
a +0 mace; a +0 club; an orc corpse The orc attacks as it pursues you!
The orc hits you but does no damage.
You are poisoned.
You feel sick. The orc attacks as it pursues you!
The orc hits you with a +2 war axe of venom!
You are lethally poisoned!
You slash the orc!
You kill the orc!
Trog accepts your kill.
* * * LOW HITPOINT WARNING * * *
You feel very sick.
The orc wizard gestures at you while chanting.
The puff of flame hits you!
* * * LOW HITPOINT WARNING * * *
You die...

######### #.......#
#@#####.#
..#####o#####.#
.......o......###
...........#....########
.#########.##...........
........##...........
.~..o~..#............
..........#......####
........#.#......#


You could see an orc wizard and an orc.

Vanquished Creatures
  An orc priest (D:3)
  3 adders (D:2)
  A worm (D:3)
  2 dart slugs (D:1)
  2 orcs (D:3)
  3 bats
  4 endoplasms
  A giant cockroach (D:2)
  4 goblins
  2 hobgoblins (D:1)
  A quokka (D:1)
  7 ball pythons
  5 frilled lizards
  5 kobolds
  4 rats
45 creatures vanquished.

Notes
Turn   | Place    | Note
-------+----------+-------------------------------------------
     0 | D:1      | Curundu the Minotaur Berserker began the quest for the Orb.
     0 | D:1      | Reached XP level 1. HP: 19/19 MP: 0/0
   118 | D:1      | Reached skill level 4 in Long Blades
   125 | D:1      | Reached XP level 2. HP: 27/27 MP: 1/1
   374 | D:1      | Reached XP level 3. HP: 25/33 MP: 2/2
   415 | D:1      | Reached ** piety under Trog
  1074 | D:2      | Reached XP level 4. HP: 41/41 MP: 3/3
  1600 | D:3      | Reached skill level 5 in Long Blades
  1621 | D:3      | HP: 2/41 [orc wizard/puff of flame (8)]
  1622 | D:3      | Succumbed to an orc's poison

Illustrated notes

Levels and vault maps discovered:
D:1:      mrwooster_arrival_statue, layout_rooms, minmay_misc_feat_square,
          minmay_pentomino_t4
D:2:      layout_loops_ring
D:3:      cheibrodos_pilgrimage, layout_basic, cheibrodos_sewer_entry_sluice

Skill      XL: |  1  2  3  4 |
---------------+-------------+-----
Long Blades    | 4 5 |  5.0
Fighting       | 4 |  4.4
Armour         | 3 |  3.4
Dodging        | |  2.8

Action                     |  1- 3 |  4- 6 || total
---------------------------+-------+-------++-------
  Melee: Falchion          |    79 |    14 ||    93
         Headbutt          |    13 |     2 ||    15
 Armour: Animal skin       |    17 |       ||    17
         Ring mail         |    25 |       ||    25
         Scale mail        |     8 |    11 ||    19
  Dodge: Dodged            |    48 |     6 ||    54

Table legend: (Time is in decaauts)
 A = Elapsed time spent in this place.
 B = Non-inter-level travel time spent in this place.
 C = Inter-level travel time spent in this place.
 D = Time resting spent in this place.
 E = Time spent auto-exploring this place.
 F = Levels seen in this place.
 G = Mean time per level.
                   A        B        C        D        E       F      G
               +--------+--------+--------+--------+--------+-----+--------+
         Total |   1629 |   1616 |     13 |     33 |   1130 |   3 |  543.0 |
       Dungeon |   1629 |   1616 |     13 |     33 |   1130 |   3 |  543.0 |
               +--------+--------+--------+--------+--------+-----+--------+

Top non-repeatable levels by time:
     D:2: 858 daAuts
     D:1: 580 daAuts
     D:3: 190 daAuts
